 Dungeon Crawl Stone Soup version 0.29.1-15-g9cfb28693d (webtiles) character file.

Game seed: 8711520819935926749

590 KreenWarrior the Insei (level 7, -4/52 HPs)
             Began as a Demonspawn Monk on Mar 28, 2023.
             Was a Believer of Qazlal.
             Slain by an ogre
             ... wielding a +0 giant spiked club
              (17 damage)
             ... on level 5 of the Dungeon.
             The game lasted 00:21:42 (5074 turns).

KreenWarrior the Insei (Demonspawn Monk)            Turns: 5074, Time: 00:21:42

Health: -4/52      AC:  8    Str: 11    XL:     7   Next: 16%
Magic:  7/7        EV: 13    Int: 12    God:    Qazlal [**....]
Gold:   86         SH:  0    Dex: 17    Spells: 4/7 levels left

rFire   . . .      SeeInvis .     - Unarmed
rCold   . . .      Faith    .   (no shield)
rNeg    . . .      Spirit   .   i - +3 leather armour
rPois   .          Reflect  .   (no helmet)
rElec   .          Harm     .   (no cloak)
rCorr   .          Rampage  .   (no gloves)
Will    .....                   (no boots)
Stlth   +.........              (no amulet)
HPRegen 0.17/turn               (no ring)
MPRegen 0.10/turn               (no ring)

@: confused, ambrosia-drunk, flying
A: icy blue scales 1, ignite blood 2
a: Renounce Religion, Upheaval


You were on level 5 of the Dungeon.
You worshipped Qazlal.
Qazlal was pleased with you.
You visited 2 branches of the dungeon, and saw 6 of its levels.

You collected 212 gold pieces.
You spent 126 gold pieces at shops.

Inventory:

Hand Weapons
 f - a +0 club
 q - a +1 whip of electrocution
 u - a +1 vorpal mace
Missiles
 d - 9 javelins (quivered)
 y - 3 atropa-tipped darts
Armour
 a - a +0 robe
 i - a +3 leather armour (worn)
Magical Staves
 g - a staff of conjuration
 v - a staff of fire
Wands
 C - a wand of charming (10)
Scrolls
 h - 2 scrolls of enchant armour
 j - a scroll of silence {unknown}
 m - a scroll of fog {unknown}
 p - a scroll of enchant weapon {unknown}
 s - a scroll of amnesia {unknown}
 t - a scroll of teleportation
 x - a scroll of poison {unknown}
 B - 2 scrolls of identify
Potions
 b - a potion of ambrosia
 c - a potion of resistance
 e - 2 potions of mutation
 k - 2 potions of attraction
 n - a potion of curing {unknown}
 o - a potion of lignification {unknown}
 r - a potion of flight
 w - a potion of magic {unknown}
 z - a potion of brilliance
 A - a potion of might


   Skills:
 + Level 3.2 Fighting
 + Level 0.4 Throwing
 + Level 1.8 Armour
 + Level 3.9 Dodging
 + Level 2.8 Stealth
 + Level 0.2 Shields
 * Level 6.0 Unarmed Combat
 * Level 0.5 Spellcasting


You had 4 spell levels left.
You knew the following spells:

 Your Spells              Type           Power      Damage    Failure   Level
a - Gell's Gravitas       Tloc           0%         N/A       77%         3

Your spell library contained the following spells:

 Spells                   Type           Power      Damage    Failure   Level
 Teleport Other           Tloc           0%         N/A       77%         3
 Animate Dead             Necr           0%         N/A       99%         4
 Summon Ice Beast         Ice/Summ       0%         N/A       99%         4
 Summon Mana Viper        Hex/Summ       0%         N/A       100%        5
 Dispersal                Tloc           0%         N/A       100%        6
 Haunt                    Necr/Summ      0%         N/A       100%        7
 Monstrous Menagerie      Summ           0%         N/A       100%        7
 Infestation              Necr           0%         N/A       100%        8


Dungeon Overview and Level Annotations

Branches:
Dungeon (5/15)             Temple (1/1) D:4

Altars:
Ashenzari
Cheibriados
Dithmenos
Fedhas
Gozag
Qazlal
Sif Muna
Trog
Uskayaw
Yredelemnul

Shops:
D:4 ?

Annotations:
D:5 Eustachio


Innate Abilities, Weirdness & Mutations

You are partially covered in icy blue scales. (AC +2)
Your demonic aura often causes spilled blood to erupt in flames.


Message History

* * * LOW HITPOINT WARNING * * *
The shadow imp hits you but does no damage.
An adder comes into view.
The quasit is engulfed in blazing flames.
As you read the scroll of teleportation, it crumbles to dust.
You feel strangely unstable.
The shadow imp hits you but does no damage.
Eustachio zaps a wand.
The roots erupt in riotous growth!
The grasping roots grab you!
The iron imp is unaffected.
Eustachio is unaffected.
The quasit is unaffected.
The shadow imp is unaffected.
The now-empty wand crumbles to dust.
The grasping roots constrict you.
* * * LOW HITPOINT WARNING * * *
The quasit is struck by lightning.
You kill the quasit!
The quasit disappears in a puff of smoke!
The iron imp hits you but does no damage.
You hear an angry hiss.
You hear a shout!
It was a potion of flight.
You feel very buoyant.
You fly up into the air.
The shadow imp barely misses you. Eustachio hits you with a +0 rapier.
* * * LOW HITPOINT WARNING * * *
The grasping roots constrict you.
* * * LOW HITPOINT WARNING * * *
The iron imp hits you.
* * * LOW HITPOINT WARNING * * *
You are confused.
You feel invigorated.
Your surroundings suddenly seem different.
The roots lose their grip on you.
An ogre comes into view. It is wielding a +0 giant spiked club.
Found 2 gold pieces.
The ogre shouts!
You are too confused!
Okay, then.
You are too confused!
You are too confused!
The ogre hits you with a +0 giant spiked club!
You die...

####### #.......
#.......
#.......###########
#.................#
#.................#
####..............○..#
.....# ............#.#
.....# .......@......#
.....# ......O....$....
.....## .............###
......# .............#
#####'## .............#
#....@# .............#
#..55.# ............^..
..?.....##'####....##.##
.........#


You could see an ogre.

Vanquished Creatures
  An ogre (D:5)
  A scorpion (D:4)
  A necrophage (D:4)
  A hound (D:4)
  A jelly (D:4)
  A gnoll bouda (D:5)
  An orc priest (D:4)
  5 iguanas
  5 adders
  A worm (D:3)
  3 dart slugs
  3 orcs (D:4)
  5 ball pythons
  12 endoplasms
  5 giant cockroaches
  5 goblins
  8 hobgoblins
  4 jackals (D:3)
  7 kobolds
  2 quokkas
  6 bats
  3 frilled lizards (D:2)
  6 rats
87 creatures vanquished.

Notes
Turn   | Place    | Note
-------+----------+-------------------------------------------
     0 | D:1      | KreenWarrior the Demonspawn Monk began the quest for the
                  | Orb.
     0 | D:1      | Reached XP level 1. HP: 18/18 MP: 1/1
   443 | D:1      | Gained mutation: You are partially covered in icy blue
                  | scales. (AC +2) [demonic ancestry]
   443 | D:1      | Reached XP level 2. HP: 24/24 MP: 2/2
   494 | D:1      | Reached skill level 3 in Unarmed Combat
  1116 | D:2      | Reached XP level 3. HP: 23/29 MP: 3/3
  1439 | D:2      | Found a faded altar of an unknown god.
  2020 | D:3      | Gained mutation: Your demonic aura sometimes causes spilled
                  | blood to erupt in flames. [demonic ancestry]
  2020 | D:3      | Reached XP level 4. HP: 27/35 MP: 4/4
  2896 | D:4      | Found Ohoid's Magic Scroll Emporium.
  2948 | D:4      | Reached skill level 4 in Unarmed Combat
  3205 | D:4      | Bought a scroll of enchant armour for 90 gold pieces
  3205 | D:4      | Bought a scroll of teleportation for 36 gold pieces
  3327 | D:4      | Reached XP level 5. HP: 34/41 MP: 5/5
  3422 | D:4      | Found a broken altar of Ashenzari.
  3426 | D:4      | Saw a vision of the Swamp and the Spider Nest.
  3426 | D:4      | Noticed a spriggan rider
  3426 | D:4      | Noticed a swamp dragon
  3426 | D:4      | Noticed a four-headed hydra
  3426 | D:4      | Noticed a five-headed hydra
  3426 | D:4      | Noticed a fenstrider witch
  3426 | D:4      | Noticed a tarantella
  3426 | D:4      | Noticed a steelbarb worm
  3426 | D:4      | Noticed a demonic crawler
  3426 | D:4      | Noticed an entropy weaver
  3426 | D:4      | Noticed a jumping spider
  3426 | D:4      | Noticed a culicivora
  3426 | D:4      | Noticed a wolf spider
  3426 | D:4      | Noticed a demonic crawler
  3426 | D:4      | Noticed a culicivora
  3426 | D:4      | Noticed a sun moth
  3426 | D:4      | Noticed a demonic crawler
  3426 | D:4      | Noticed an entropy weaver
  3426 | D:4      | Noticed a jumping spider
  3427 | D:4      | Noticed a tarantella
  3427 | D:4      | Noticed an entropy weaver
  3427 | D:4      | Noticed a goliath frog
  3427 | D:4      | Noticed a wolf spider
  3427 | D:4      | Noticed an entropy weaver
  3428 | D:4      | Noticed an eleionoma
  3469 | D:4      | Reached skill level 1 in Armour
  3600 | D:4      | Gained mutation: Your demonic aura often causes spilled
                  | blood to erupt in flames. [demonic ancestry]
  3600 | D:4      | Reached XP level 6. HP: 30/47 MP: 6/6
  3773 | D:4      | Reached skill level 5 in Unarmed Combat
  4316 | D:4      | Found a staircase to the Ecumenical Temple.
  4321 | Temple   | Entered the Ecumenical Temple
  4537 | Temple   | Became a worshipper of Qazlal Stormbringer
  4537 | Temple   | Reached * piety under Qazlal
  4537 | Temple   | Reached ** piety under Qazlal
  4706 | D:5      | Entered Level 5 of the Dungeon
  4761 | D:5      | Learned a level 3 spell: Gell's Gravitas
  4992 | D:5      | Reached XP level 7. HP: 52/52 MP: 7/7
  5053 | D:5      | Noticed Eustachio
  5070 | D:5      | Reached skill level 6 in Unarmed Combat
  5072 | D:5      | HP: 2/52 [iron imp[Eustachio] (1)]
  5074 | D:5      | Slain by an ogre

Illustrated notes

Levels and vault maps discovered:
D:1:      dpeg_arrival_boxorama, layout_basic, fountainhead, chequers_avenue
D:2:      layout_loops_ring, chequers_ecumenical_altar_simple_redux,
          feat_on_display
D:3:      layout_basic
D:4:      layout_loops_cross, grunt_ashenzari_visionary
          [grunt_ashenzari_visionary_swamp, grunt_ashenzari_visionary_spider],
          temple_doors_cd, serial_shops, nicolae_stop_n_shop_2,
          hangedman_decor_diamond_cutter
D:5:      minmay_angry_zag, layout_basic, uniq_eustachio
Temple:   jpeg_temple_clearing

Skill      XL: |  1  2  3  4  5  6  7 |
---------------+----------------------+-----
Unarmed Combat | 3 4 5 6 |  6.0
Dodging        | 3 |  3.9
Stealth        | 2 |  2.8
Armour         | 1 |  1.8
Fighting       | |  3.2
Throwing       | |  0.4
Shields        | |  0.2
Spellcasting   | |  0.5

Action                   |  1- 3 |  4- 6 |  7- 9 || total
-------------------------+-------+-------+-------++-------
Melee: Unarmed           |   158 |   203 |    12 ||   373
       Punch             |     4 |     5 |       ||     9
Throw: Javelin           |     3 |     8 |       ||    11
       Dart              |       |     5 |     6 ||    11
  Use: Scroll            |       |     3 |     1 ||     4
       Potion            |       |     1 |     2 ||     3
 Stab: Sleeping          |     2 |     3 |       ||     5
Armor: Robe              |     9 |       |       ||     9
       Leather armour    |    42 |    72 |     9 ||   123
       Skin              |     1 |       |       ||     1
Dodge: Dodged            |   114 |   136 |    10 ||   260
Block: Other             |       |     3 |     2 ||     5
